 Dungeon Crawl Stone Soup version 0.28-a0-1002-gf00fe891ef (webtiles) character file.

Game seed: 17951328796622128023

276 Umoon the Ruffian (level 6, -2/47 HPs)
             Began as a Demonspawn Gladiator on Dec 6, 2021.
             Succumbed to a water moccasin's poison
             ... on level 3 of the Dungeon.
             The game lasted 00:04:34 (4110 turns).

Umoon the Ruffian (Demonspawn Gladiator)            Turns: 4110, Time: 00:04:34

Health: -2/47      AC:  6    Str: 15 (16) XL:     6   Next: 4%
Magic:  6/6        EV: 13    Int:  7 (9)  God:
Gold:   124        SH:  0    Dex: 14 (15) Spells: 5/5 levels left

rFire   . . .      SeeInvis .     - Unarmed
rCold   . . .      Faith    .   (no shield)
rNeg    . . .      Spirit   .   g - +0 ring mail
rPois   .          Reflect  .   b - +0 helmet
rElec   .          Harm     .   (no cloak)
rCorr   .          Rampage  .   (no gloves)
Will    .....                   (no boots)
Stlth   +.........              (no amulet)
HPRegen 0.15/turn               i - ring of flight
MPRegen 0.10/turn               (no ring)

@: lethally poisoned (-2 -> -12), flying
A: sturdy frame 2
a: no special abilities


You were on level 3 of the Dungeon.
You visited 1 branch of the dungeon, and saw 3 of its levels.

You collected 124 gold pieces.

Inventory:

Missiles
 c - 3 throwing nets (quivered)
Armour
 a - a +0 leather armour
 b - a +0 helmet (worn)
 g - a +0 ring mail (worn)
Jewellery
 i - a ring of flight (left hand)
Wands
 j - a wand of iceblast (3)
Potions
 e - a potion of lignification {unknown}
 f - a potion of might {unknown}
 h - a potion of curing {unknown}


   Skills:
 + Level 3.5 Fighting
 - Level 1.7 Throwing
 + Level 2.4 Armour
 + Level 3.8 Dodging
 + Level 3.8 Unarmed Combat


You had 5 spell levels left.
You didn't know any spells.
Your spell library contained the following spells:

 Spells                   Type           Power      Damage    Failure   Level
 Corpse Rot               Necr/Air       0%         N/A       61%         2
 Dispel Undead            Necr           0%         3d6       99%         4
 Death Channel            Necr           0%         N/A       100%        6


Dungeon Overview and Level Annotations

Branches:
Dungeon (3/15)

Altars:

Shops:
D:1 =


Innate Abilities, Weirdness & Mutations

Your movements are less encumbered by armour. (ER -4)


Message History

The water moccasin is heavily wounded.
You feel sick. The water moccasin bites you.
You miss the water moccasin.
The water moccasin is heavily wounded.
You feel sick. The water moccasin bites you.
You hit the water moccasin but do no damage.
The water moccasin is heavily wounded.
You feel sick.
The water moccasin bites you but does no damage.
You hit the water moccasin.
The water moccasin is heavily wounded.
The water moccasin bites you but does no damage.
The water moccasin bites you.
You barely miss the water moccasin.
The water moccasin is heavily wounded.
You feel sick.
You are no longer poisoned.
The water moccasin bites you.
* * * LOW HITPOINT WARNING * * *
You closely miss the water moccasin.
The water moccasin is heavily wounded.
The water moccasin bites you.
* * * LOW HITPOINT WARNING * * *
You hit the water moccasin.
The water moccasin is heavily wounded.
The water moccasin misses you.
Okay, then.
The water moccasin closely misses you.
Okay, then.
The water moccasin bites you but does no damage.
The water moccasin bites you.
* * * LOW HITPOINT WARNING * * *
You are lethally poisoned!
The water moccasin poisons you!
* * * LOW HITPOINT WARNING * * *
You feel very sick.
It was a potion of degeneration.
There was something very wrong with that liquid.
You feel weakened.
You feel dopey.
You feel clumsy.
You die...

#.........#####
#.(...........#######
#...............#....
##.............#...###
#.................##..
#..............##.#..†
#......>.......+..#...
#..............#####..
#...S@.........##..#†#
#.#####...######).†.##
# #.# #...# #(.†.#.
##. #.# ...# ##..##.
#... #.# # ##+##(
#.... #.# ##..##
#.....#.# #....#
........# #....'
######).....# ##..##


You could see a water moccasin.

Vanquished Creatures
  Sigmund (D:3)
  3 gnolls (D:2)
  2 adders (D:2)
  4 dart slugs
  An orc (D:3)
  6 ball pythons
  5 bats
  6 endoplasms
  3 giant cockroaches
  4 goblins
  2 hobgoblins
  3 jackals (D:1)
  5 quokkas
  A frilled lizard (D:1)
  9 kobolds
  4 rats
59 creatures vanquished.

Notes
Turn   | Place    | Note
-------+----------+-------------------------------------------
     0 | D:1      | Umoon the Demonspawn Gladiator began the quest for the Orb.
     0 | D:1      | Reached XP level 1. HP: 16/16 MP: 1/1
   167 | D:1      | Found Feiwn's Jewellery Shop.
   479 | D:1      | Gained mutation: Your movements are slightly less
                  | encumbered by armour. (ER -2) [demonic ancestry]
   479 | D:1      | Reached XP level 2. HP: 19/22 MP: 2/2
  1502 | D:1      | Reached skill level 1 in Armour
  1534 | D:1      | Reached XP level 3. HP: 28/28 MP: 3/3
  2335 | D:2      | Found a faded altar of an unknown god.
  2500 | D:2      | Gained mutation: Your movements are less encumbered by
                  | armour. (ER -4) [demonic ancestry]
  2500 | D:2      | Reached XP level 4. HP: 15/34 MP: 4/4
  2507 | D:2      | HP: 1/34 [gnoll (11)]
  3540 | D:3      | Noticed Sigmund
  3837 | D:3      | Killed Sigmund
  3838 | D:3      | Reached XP level 5. HP: 26/41 MP: 5/5
  3838 | D:3      | Reached XP level 6. HP: 30/47 MP: 6/6
  4085 | D:3      | Noticed a water moccasin
  4109 | D:3      | HP: 1/47 [poisoned by a water moccasin]
  4110 | D:3      | Succumbed to a water moccasin's poison

Illustrated notes

Levels and vault maps discovered:
D:1:      kilobyte_arrival_exit_the_forest, layout_loops_corners, serial_shops,
          nicolae_shop_stone
D:2:      layout_loops_ring, ebering_ecumenical_altar_sacrificial
D:3:      minmay_bubble_buster, layout_basic, uniq_terence, uniq_sigmund

Skill      XL: |  1  2  3  4 |
---------------+-------------+-----
Dodging        | 3 |  3.8
Unarmed Combat | 3 |  3.8
Armour         | 1 2 |  2.4
Fighting       | 3 |  3.5
Throwing       | |  1.7

Action                   |  1- 3 |  4- 6 || total
-------------------------+-------+-------++-------
Melee: Unarmed           |   178 |    78 ||   256
       Punch             |       |     1 ||     1
Evoke: Wand              |       |     4 ||     4
  Use: Potion            |       |     1 ||     1
Armor: Leather armour    |    31 |       ||    31
       Ring mail         |    15 |    28 ||    43
Dodge: Dodged            |    99 |    43 ||   142

Table legend: (Time is in decaauts)
 A = Elapsed time spent in this place.
 B = Non-inter-level travel time spent in this place.
 C = Inter-level travel time spent in this place.
 D = Time resting spent in this place.
 E = Time spent auto-exploring this place.
 F = Levels seen in this place.
 G = Mean time per level.
                   A        B        C        D        E       F      G
               +--------+--------+--------+--------+--------+-----+--------+
         Total |   4101 |   4063 |     38 |   1102 |   2246 |   3 | 1367.0 |
       Dungeon |   4101 |   4063 |     38 |   1102 |   2246 |   3 | 1367.0 |
               +--------+--------+--------+--------+--------+-----+--------+

Top non-repeatable levels by time:
     D:1: 2025 daAuts
     D:2: 1430 daAuts
     D:3: 645 daAuts
